 Dungeon Crawl Stone Soup version 0.31-a0-879-g1609e0ac53 (webtiles) character file.

Game seed: 8248231068094230983

3807 Dirtsage the Grappler (level 10, -2/70 HPs)
             Began as an Octopode Shapeshifter on Oct 14, 2023.
             Was a Follower of Wu Jian.
             Slain by an orc warrior
             ... wielding a +0 flail
              (5 damage)
             ... on level 7 of the Dungeon.
             The game lasted 00:16:46 (7323 turns).

Dirtsage the Grappler (Octopode Shapeshifter)       Turns: 7323, Time: 00:16:46

Health: -2/70      AC:  8    Str: 21    XL:     10   Next: 17%
Magic:  10/10      EV: 10    Int: 13    God:    Wu Jian [*.....]
Gold:   334        SH:  0    Dex: 13    Spells: 7/9 levels left

rFire   . .          .
                       - Unarmed
rCold   . . .        (shield currently unavailable)
rNeg    . . .        (helmet currently unavailable)
rPois   .            g - amulet of faith
rElec   .            W - ring of wizardry
rCorr   .            a - ring of flight
SInv    .            (no ring)
Will    .....        (no ring)
Stlth   +            (no ring)
HPRegen 0.31/turn    (no ring)
MPRegen 0.12/turn    (no ring)
                     (no ring)

%: faith, wizardry (x1)
@: snake-form, flying
A: constrict, almost no armour, amphibious, 8 rings, large, (camouflage 1),
(gelatinous body 1), (nimble swimmer 1), (tentacles)
a: Begin Untransformation, Renounce Religion


You were on level 7 of the Dungeon.
You worshipped Wu Jian.
Wu Jian was aware of your devotion.
You were an enormous anaconda.
You visited 2 branches of the dungeon, and saw 8 of its levels.

You collected 334 gold pieces.

Inventory:

Jewellery
 a - a ring of flight (right tentacle)
 g - an amulet of faith (around neck)
 h - an amulet of guardian spirit
 W - a ring of wizardry (left tentacle)
Talismans
 b - a beast talisman
 c - a flux talisman
 n - a serpent talisman (active)
Scrolls
 f - 4 scrolls of revelation {unknown}
 j - 2 scrolls of blinking {unknown}
 r - a scroll of vulnerability {unknown}
 s - 2 scrolls of amnesia {unknown}
 t - a scroll of teleportation
Potions
 d - 2 potions of might
 e - a potion of enlightenment {unknown}
 k - a potion of degeneration {unknown}
 m - 2 potions of magic
 o - a potion of haste {unknown}
 p - a potion of cancellation {unknown}
 q - 2 potions of curing
 u - 2 potions of brilliance


   Skills:
 + Level 6.1 Fighting
 - Level 2.0 Dodging
 * Level 9.3 Unarmed Combat
 + Level 3.4 Transmutations
 * Level 8.6 Shapeshifting


You had 7 spell levels left.
You knew the following spells:

 Your Spells              Type           Power      Damage    Failure   Level
a - Wereblood             Tmut           8%         N/A       4%          2

Your spell library contained the following spells:

 Spells                   Type           Power      Damage    Failure   Level
 Summon Small Mammal      Summ           0%         N/A       12%         1
 Sublimation of Blood     Necr           0%         N/A       19%         2
 Call Canine Familiar     Summ           0%         N/A       34%         3
 Summon Guardian Golem    Hex/Summ       0%         N/A       34%         3
 Summon Hydra             Summ           0%         N/A       100%        7


Dungeon Overview and Level Annotations

Branches:
Dungeon (7/15)             Temple (1/1) D:5

Altars:
Ashenzari
Dithmenos
Elyvilon
Fedhas
Gozag
Hepliaklqana
Kikubaaqudgha
Makhleb
Nemelex Xobeh
Okawaru
Qazlal
Ru
Sif Muna
Trog
Uskayaw
Vehumet
Wu Jian
Xom
Yredelemnul
Zin
The Shining One

Annotations:
D:5 4 runed translucent doors, Crazy Yiuf; Syrassil's ghost, novice AtGl
Temple 2 transporters


Innate Abilities, Weirdness & Mutations

You are an enormous anaconda.
You have a powerful constriction melee attack.
Your armour is entirely melded.
You are incapable of wielding weapons or throwing items.
You cannot wear most types of armour.
You are amphibious.
You can wear up to eight rings at the same time.
((Your skin changes colour to match your surroundings (Stealth+).))
((Your rubbery body absorbs attacks. (AC +1, EV +1)))
((You are camouflaged when in or above water. (Stealth+)))
((You have tentacles for arms and can constrict up to eight enemies at once.))


Message History

There is a stone staircase leading up here.
The orc warrior throws a boomerang.
The boomerang hits you.
You take 1 damage, and have 33/70 hp.
The orc warrior throws a boomerang.
The boomerang hits you but does no damage.
There is a stone staircase leading up here.
The orc warrior throws a boomerang.
The boomerang hits you but does no damage.
The orc warrior hits you from afar with a +0 trident.
There is a stone staircase leading up here.
You take 2 damage, and have 32/70 hp.
You barely miss the centaur. You grab the centaur. You constrict the centaur.
The centaur unwields a +0 orcbow of flaming.
It stops flaming.
The centaur hits you.
The centaur kicks you but does no damage.
You take 3 damage, and have 29/70 hp.
You lash the centaur!
The centaur is heavily wounded.
You constrict the centaur.
The centaur hits you but does no damage.
The centaur kicks you.
The orc warrior hits you from afar with a +0 trident!
* * * LOW HITPOINT WARNING * * *
You take 12 damage, and have 17/70 hp.
You barely miss the centaur.
The centaur is severely wounded.
You constrict the centaur.
The centaur hits you but does no damage.
The centaur kicks you but does no damage.
The orc warrior hits you but does no damage.
You body-slam the centaur!!
You kill the centaur!
The Council accepts your kill.
The orc warrior throws a boomerang.
The boomerang hits you.
* * * LOW HITPOINT WARNING * * *
You take 2 damage, and have 15/70 hp.
The orc warrior hits you from afar with a +0 trident!
* * * LOW HITPOINT WARNING * * *
The orc warrior hits you with a +0 flail.
You die...

+........####
####......(.#
#..##.##.#
#.###.##.#
#.# #)##.#
#.###.##.#
#....o...#
#####o####
#S# #.# #.#
..# ####


You could see 2 orc warriors.

Vanquished Creatures
  A two-headed ogre (D:6)
  Pikel (D:4)
  A vampire mosquito (D:7)
  An orc warrior (D:6)
  2 sky beasts (D:7)
  5 ice beasts
  3 centaurs
  3 ogres
  2 phantoms (D:4)
  3 lemures (D:4)
  A kobold brigand (D:7)
  3 bullfrogs
  A gnoll sergeant (D:7)
  A scorpion (D:6)
  5 wights (D:6)
  2 howler monkeys (D:6)
  A jelly (D:7)
  2 hounds (D:5)
  A gnoll bouda (D:7)
  2 sleepcaps
  3 iguanas
  Natasha (thrice) (D:4)
  An orc wizard (D:3)
  4 gnolls (D:4)
  8 adders
  3 white imps
  4 ufetubi
  2 worms
  A dart slug (D:1)
  14 orcs
  9 endoplasms
  A giant cockroach (D:2)
  9 goblins
  5 hobgoblins
  2 jackals (D:1)
  5 ball pythons
  7 bats
  A frilled lizard (D:2)
  5 kobolds
128 creatures vanquished.

Vanquished Creatures (others)
  An orc wizard (D:7)
1 creature vanquished.

Grand Total: 129 creatures vanquished

Notes
Turn   | Place    | Note
-------+----------+-------------------------------------------
     0 | D:1      | Dirtsage the Octopode Shapeshifter began the quest for the
                  | Orb.
     0 | D:1      | Reached XP level 1. HP: 13/13 MP: 1/1
   262 | D:1      | Reached XP level 2. HP: 17/18 MP: 2/2
   605 | D:1      | Found a faded altar of an unknown god.
   786 | D:2      | Reached XP level 3. HP: 14/23 MP: 3/3
  1017 | D:2      | Identified the +3 whip "Jellybane" {flame, rPois rC+}
  1595 | D:3      | Reached XP level 4. HP: 29/29 MP: 4/4
  1710 | D:3      | Reached skill level 4 in Unarmed Combat
  1748 | D:3      | Found a stormy altar of Qazlal.
  1748 | D:3      | Found a glowing silver altar of Zin.
  1748 | D:3      | Found a hide-covered altar of Uskayaw.
  2356 | D:4      | Reached XP level 5. HP: 34/34 MP: 5/5
  2356 | D:4      | Noticed Natasha
  2366 | D:4      | Killed Natasha
  2437 | D:4      | Found a transporter.
  2451 | D:4      | Noticed Pikel
  2451 | D:4      | Noticed a lemure
  2457 | D:4      | Noticed a phantom
  2459 | D:4      | Noticed a lemure
  2488 | D:5      | Entered Level 5 of the Dungeon
  2501 | D:5      | Noticed an ogre
  2516 | D:5      | Killed an ogre
  2517 | D:5      | Reached XP level 6. HP: 41/41 MP: 6/6
  2861 | D:4      | Reached skill level 5 in Unarmed Combat
  3347 | D:4      | Reached skill level 5 in Shapeshifting
  3389 | D:4      | Noticed Natasha
  3395 | D:4      | Killed Natasha
  3396 | D:4      | Reached XP level 7. HP: 35/46 MP: 7/7
  3668 | D:4      | Killed Pikel
  3669 | D:4      | Reached skill level 6 in Unarmed Combat
  3669 | D:4      | Reached XP level 8. HP: 30/54 MP: 8/8
  3861 | D:4      | Noticed Natasha
  3865 | D:4      | Killed Natasha
  3887 | D:4      | Found a sparkling altar of Nemelex Xobeh.
  4062 | D:4      | Found a transporter.
  4443 | D:4      | Reached skill level 7 in Unarmed Combat
  5106 | D:5      | Found a runed translucent gate.
  5107 | D:5      | Found a runed translucent gate.
  5107 | D:5      | Found a runed translucent gate.
  5109 | D:5      | Noticed Syrassil's ghost (novice AtGl)
  5282 | D:5      | Found a staircase to the Ecumenical Temple.
  5323 | Temple   | Found a transporter.
  5323 | Temple   | Found a transporter.
  5323 | Temple   | Found a transporter.
  5323 | Temple   | Found a transporter.
  5323 | Temple   | Entered the Ecumenical Temple
  5345 | Temple   | Became a worshipper of the Wu Jian Council
  5378 | D:5      | Learned a level 2 spell: Wereblood
  5436 | D:5      | Found a runed translucent door.
  5437 | D:5      | Noticed Crazy Yiuf
  5904 | D:6      | Reached XP level 9. HP: 32/60 MP: 9/9
  6013 | D:6      | Reached skill level 5 in Fighting
  6013 | D:6      | Reached skill level 1 in Transmutations
  6020 | D:6      | Noticed a two-headed ogre
  6193 | D:6      | Reached skill level 8 in Unarmed Combat
  6363 | D:6      | Identified the +3 short sword of the Nexus {venom, rF+ MP+9
                  | Str+3}
  6446 | D:6      | Killed a two-headed ogre
  7047 | D:7      | Reached skill level 9 in Unarmed Combat
  7063 | D:7      | Reached * piety under Wu Jian
  7067 | D:7      | Reached XP level 10. HP: 36/68 MP: 10/10
  7323 | D:7      | HP: 3/70 [orc warrior/+0 trident (13)]
  7323 | D:7      | Slain by an orc warrior

Illustrated notes

Levels and vault maps discovered:
D:1:      shiori_arrival_oz, layout_basic, shapermc_ecumenical_altar_ellora,
          minmay_ruptured
D:2:      layout_basic
D:3:      layout_basic, gammafunk_temple_overflow_claw
D:4:      gammafunk_cloud_chamber, layout_layer_cave,
          nemelex_diamond_rough_becter, uniq_pikel, uniq_natasha
D:5:      layout_loops_ring, minmay_temple_entry_statues_fountains,
          ebering_ghost_rock_garden, uniq_crazy_yiuf_cottage
D:6:      layout_loops_cross
D:7:      cheibrodos_fzero, layout_loops_corners, enter_ossuary_4,
          hangedman_decor_lopped, corexii_item_surrounded_by_moat, uniq_duvessa
Temple:   hellmonk_temple_divided_pantheon

Skill      XL: |  1  2  3  4  5  6  7  8  9 10 |
---------------+-------------------------------+-----
Fighting       | 2 3 4 5 6 |  6.1
Unarmed Combat | 4 5 6 7 9 |  9.3
Shapeshifting  | 4 5 7 8 |  8.6
Transmutations | 3 |  3.4
Dodging        | |  2.0

Action                     |  1- 3 |  4- 6 |  7- 9 | 10-12 || total
---------------------------+-------+-------+-------+-------++-------
  Melee: Unarmed           |    72 |    86 |   167 |    27 ||   352
         Constrict         |    18 |    17 |    36 |     8 ||    79
         Tentacles         |     9 |    16 |    24 |       ||    49
         Punch             |     1 |       |     9 |       ||    10
  Throw: Throwing net      |       |       |     3 |       ||     3
Ability: Lunge             |       |       |    15 |     2 ||    17
    Use: Scroll            |       |     4 |     3 |       ||     7
         Potion            |       |     1 |     4 |     1 ||     6
   Stab: Sleeping          |     7 |     3 |     3 |       ||    13
         Held in net/web   |       |       |     1 |       ||     1
 Armour: Skin              |    30 |    49 |    95 |    38 ||   212
  Dodge: Dodged            |    35 |    44 |    82 |     9 ||   170
   Form: Anaconda          |       |       |     1 |       ||     1

Table legend: (Time is in decaauts)
 A = Elapsed time spent in this place.
 B = Non-inter-level travel time spent in this place.
 C = Inter-level travel time spent in this place.
 D = Time resting spent in this place.
 E = Time spent auto-exploring this place.
 F = Levels seen in this place.
 G = Mean time per level.
                   A        B        C        D        E       F      G
               +--------+--------+--------+--------+--------+-----+--------+
         Total |   7288 |   6966 |    322 |    308 |   5475 |   8 |  911.0 |
       Dungeon |   7243 |   6921 |    322 |    308 |   5475 |   7 | 1034.7 |
        Temple |     44 |     44 |      0 |      0 |      0 |   1 |   44.0 |
               +--------+--------+--------+--------+--------+-----+--------+

Top non-repeatable levels by time:
     D:4: 2075 daAuts
     D:5: 1327 daAuts
     D:6: 1145 daAuts
     D:1: 829 daAuts
     D:2: 754 daAuts
     D:3: 745 daAuts
     D:7: 365 daAuts
  Temple: 44 daAuts
